 Dungeon Crawl Stone Soup version 0.31.0-11-ge490571c62 (webtiles) character file.

Game seed: 18353408313248310227

117 Gadfly the Insei (level 4, -8/35 HPs)
             Began as a Demonspawn Monk on Feb 5, 2024.
             Killed by divine providence
             ... invoked by an orc priest
              (15 damage)
             ... on level 4 of the Dungeon.
             The game lasted 00:04:49 (2293 turns).

Gadfly the Insei (Demonspawn Monk)                  Turns: 2293, Time: 00:04:50

Health: -8/35      AC:  3    Str: 13    XL:     4   Next: 71%
Magic:  4/4        EV: 13    Int: 11    God:
Gold:   202        SH:  0    Dex: 15    Spells: 2/3 levels left

rFire   . . .        b - +1 dagger (drain)
rCold   . . .        c - orb {light}
rNeg    . . .        a - +1 robe
rPois   .            (helmet currently unavailable)
rElec   .            (cloak currently unavailable)
rCorr   .            (gloves currently unavailable)
SInv    +            (boots currently unavailable)
Will    .....        (no amulet)
Stlth   +            j - ring of see invisible
HPRegen 0.25/turn    (no ring)
MPRegen 0.09/turn

%: no passive effects
@: beast-form, glowing
A: beast (slay +0), demonic guardian 1, spiny 1
a: Begin Untransformation


You were on level 4 of the Dungeon.
You were a hulking beast.
You visited 1 branch of the dungeon, and saw 4 of its levels.

You collected 202 gold pieces.

Inventory:

Hand Weapons
 b - a +1 dagger of draining (weapon)
 k - a +0 rapier of venom
Armour
 a - a +1 robe (worn)
 c - an orb of light (worn)
Jewellery
 j - a ring of see invisible (left hand)
Talismans
 e - a beast talisman (active)
Wands
 m - a wand of light (8)
 p - a wand of flame (1) (quivered)
Scrolls
 f - a scroll of enchant armour
 g - a scroll of identify
Potions
 d - a potion of ambrosia
 h - 2 potions of resistance
 i - 2 potions of mutation
 n - a potion of haste


   Skills:
 - Level 3.0 Fighting
 + Level 3.1 Dodging
 * Level 3.6 Unarmed Combat
 * Level 2.0 Evocations
 * Level 1.6 Shapeshifting


You had 2 spell levels left.
You knew the following spells:

 Your Spells              Type           Power      Damage    Failure   Level
a - Apportation           Tloc           0%         N/A       34%         1

Your spell library contained the following spells:

 Spells                   Type           Power      Damage    Failure   Level
 Jinxbite                 Hex            0%         N/A       47%         2
 Alistair's Intoxication  Alch           0%         N/A       100%        5


Dungeon Overview and Level Annotations

Branches:
Dungeon (4/15)
 Temple: D:4-7

Altars:
Makhleb
Okawaru
Trog
Vehumet


Innate Abilities, Weirdness & Mutations

You are a hulking beast.
Your limbs bulge with bestial killing power. (Slay +0)
A weak demonic guardian rushes to your aid.
You are partially covered in sharp spines.


Message History

No target in view!
No target in view!
No target in view!
No target in view!
No target in view!
No target in view!
A white imp, a goblin and an orc come into view.
The white imp shouts, "Slither away, thou twisted folly-fallen dewberry!"
The goblin shouts!
The orc shouts!
You hear a shout!
The goblin unwields a +0 club.
The goblin wields a +0 sling.
The goblin shoots a sling bullet.
The sling bullet barely misses you.
The white imp moves out of view.
An orc wizard and 2 orc priests come into view.
The orc priest shouts!
The orc wizard shouts!
The orc priest shouts!
You hit the orc but do no damage. You drain the orc.
The orc is moderately wounded.
The goblin shoots a sling bullet.
The sling bullet hits you. The orc is struck by your spines.
The orc barely misses you.
The goblin shoots a sling bullet.
The sling bullet hits you.
The orc priest mumbles some strange prayers to Beogh against you.
Beogh smites you!
A demonic guardian appears!
You barely miss the orc.
The orc is severely wounded.
The goblin shoots a sling bullet.
The sling bullet misses your quasit.
The sling bullet hits the orc.
Your quasit barely misses the orc. x2
Your quasit claws the orc but does no damage.
The orc barely misses your quasit. The orc hits you with a +0 hand axe.
The orc priest invokes the aid of Beogh against you.
Beogh smites you!
* * * LOW HITPOINT WARNING * * *
The white imp sputters.
Your quasit bites the orc but does no damage.
Your quasit barely misses the orc.
Your quasit closely misses the orc.
The orc misses your quasit.
Your quasit bites the orc but does no damage.
Your quasit claws the orc but does no damage.
Your quasit barely misses the orc.
The orc barely misses your quasit.
The orc priest calls down the wrath of Beogh upon you.
Beogh smites you!
You die...

....... ..
.g..... ...
....... ...
....... #.#
....... ..####
....... #..#.#..
#...5####......#
#.5o..h..##
#.o.##)....#
#..# #...<.#
#.o. #.......#
...o #........#
....#
..........# #...
#...........#
#..
#.....###.....
...##.. ....#.


You could see an orc priest, a white imp, an orc (distracted, very drained, ally
target) and a friendly quasit (summoned).

Vanquished Creatures
  2 adders
  A ribbon worm (D:2)
  2 dart slugs (D:1)
  2 endoplasms
  3 giant cockroaches
  5 goblins
  10 hobgoblins
  6 kobolds
  A quokka (D:2)
  9 ball pythons
  9 bats
  2 frilled lizards (D:2)
  2 rats
54 creatures vanquished.

Vanquished Creatures (collateral kills)
  A crimson imp (D:3)
1 creature vanquished.

Grand Total: 55 creatures vanquished

Notes
Turn   | Place    | Note
-------+----------+-------------------------------------------
     0 | D:1      | Gadfly the Demonspawn Monk began the quest for the Orb.
     0 | D:1      | Reached XP level 1. HP: 18/18 MP: 1/1
    40 | D:1      | Found a faded altar of an unknown god.
   180 | D:1      | Gained mutation: You are partially covered in sharp spines.
                  | [demonic ancestry]
   180 | D:1      | Reached XP level 2. HP: 24/24 MP: 2/2
   295 | D:1      | Reached skill level 1 in Evocations
   509 | D:1      | Reached XP level 3. HP: 29/29 MP: 3/3
   950 | D:2      | Reached skill level 1 in Shapeshifting
  1074 | D:2      | Learned a level 1 spell: Apportation
  1558 | D:3      | Found a bloodstained altar of Trog.
  1594 | D:3      | Gained mutation: A weak demonic guardian rushes to your
                  | aid. [demonic ancestry]
  1594 | D:3      | Reached XP level 4. HP: 35/35 MP: 4/4
  1715 | D:3      | Found a burning altar of Makhleb.
  1716 | D:3      | Found a radiant altar of Vehumet.
  2045 | D:3      | Found an iron altar of Okawaru.
  2293 | D:4      | Killed from afar by an orc priest

Illustrated notes

Levels and vault maps discovered:
D:1:      zelgadis_glass_arrival_small, layout_loops_ring, serial_forest,
          infiniplex_forest_lined_3, infiniplex_forest_clump_diagonal,
          infiniplex_forest_straight_2, infiniplex_forest_lined_3_way,
          infiniplex_forest_clump_small, infiniplex_forest_lined_3,
          infiniplex_forest_lined_room_2, nicolae_ecumenical_snake_handling
D:2:      layout_rooms, kennysheep_donut, minmay_tetromino_o4
D:3:      layout_loops_cross, bloody_trog, mainiacjoe_overflow_tiny_flanked,
          grunt_temple_overflow_lords_of_destruction
D:4:      layout_cave_pools

Skill      XL: |  1  2  3  4 |
---------------+-------------+-----
Unarmed Combat | 3 |  3.6
Evocations     | 1 2 |  2.0
Shapeshifting  | 1 |  1.6
Dodging        | 3 |  3.1
Fighting       | |  3.0

Action                     |  1- 3 |  4- 6 || total
---------------------------+-------+-------++-------
  Melee: Unarmed           |    62 |    24 ||    86
         Dagger            |    35 |    12 ||    47
   Cast: Apportation       |     2 |       ||     2
    Use: Scroll            |     5 |     3 ||     8
 Armour: Robe              |    35 |    20 ||    55
  Dodge: Dodged            |    49 |    24 ||    73
   Form: Beast             |     1 |     1 ||     2
                           |     1 |       ||     1
